 Dungeon Crawl Stone Soup version 0.27-a0-1140-g099f9bb0e8 (webtiles) character file.

Game seed: 17211695358609997971

60 voltaire321 the Ducker (level 3, -3/28 HPs)
             Began as a Demonspawn Gladiator on May 9, 2021.
             Slain by an orc priest
             ... wielding a +0 war axe
              (6 damage)
             ... on level 3 of the Dungeon.
             The game lasted 00:04:36 (2290 turns).

voltaire321 the Ducker (Demonspawn Gladiator)       Turns: 2290, Time: 00:04:36

Health: -3/28      AC:  8    Str: 14    XL:     3   Next: 80%
Magic:  3/3        EV:  7    Int:  9    God:
Gold:   126        SH: 11    Dex: 15    Spells: 2/2 levels left

rFire    . . .     SeeInvis .   a - +0 war axe
rCold    . . .     Faith    .   e - +0 tower shield
rNeg     . . .     Spirit   .   n - +0 ring mail
rPois    .         Reflect  .   c - +0 helmet
rElec    .         Harm     .   q - +0 cloak
rCorr    .         Rampage  .   (no gloves)
Will     .....                  b - +0 pair of boots
Stlth    +.........             (no amulet)
HPRegen  0.09/turn              (no ring)
MPRegen  0.08/turn              (no ring)

@: no status effects
A: ignite blood 1
a: no special abilities


You were on level 3 of the Dungeon.
You visited 1 branch of the dungeon, and saw 3 of its levels.

You collected 126 gold pieces.

Inventory:

Hand Weapons
 a - a +0 war axe (weapon)
Missiles
 d - 3 throwing nets (quivered)
 p - 3 atropa-tipped darts
 r - 13 poisoned darts
Armour
 b - a +0 pair of boots (worn)
 c - a +0 helmet (worn)
 e - a +0 tower shield (worn)
 n - a +0 ring mail (worn)
 q - a +0 cloak (worn)
Jewellery
 o - a +6 ring of dexterity
Scrolls
 g - a scroll of acquirement {unknown}
 j - 2 scrolls of immolation {unknown}
 l - a scroll of identify {unknown}
 m - a scroll of enchant armour {unknown}
Potions
 f - a potion of heal wounds {unknown}
 h - 2 potions of attraction {unknown}
 i - 3 potions of curing {unknown}
 k - 2 potions of mutation {unknown}


   Skills:
 + Level 2.6 Fighting
 + Level 3.0 Axes
 - Level 1.7 Throwing
 + Level 1.2 Armour
 + Level 3.1 Dodging
 + Level 1.1 Shields


You had 2 spell levels left.
You didn't know any spells.
Your spell library contained the following spells:

 Spells                   Type           Power      Damage    Failure   Level
 Magic Dart               Conj           0%         1d3       100%        1
 Blink                    Tloc           N/A        N/A       100%        2
 Call Imp                 Summ           0%         N/A       100%        2
 Slow                     Hex            0%         N/A       100%        2
 Conjure Flame            Conj/Fire      0%         6-21      100%        3
 Mephitic Cloud           Conj/Pois/Air  0%         N/A       100%        3


Dungeon Overview and Level Annotations

Branches:
Dungeon (3/15)

Altars:


Innate Abilities, Weirdness & Mutations

Your demonic aura sometimes causes spilled blood to erupt in flames.


Message History

You hit the orc.
The orc is almost dead.
You block the orc's attack. The orc hits you but does no damage.
You slash the orc!
You kill the orc!
The ball python bites you but does no damage.
You block the ball python's attack.
You slash the ball python!
You kill the ball python!
The orc priest calls down the wrath of Beogh upon you.
Pain shoots through your body!
The orc priest calls down the wrath of Beogh upon you.
You barely resist. You block the orc's attack.
Items here: ) [ †††.
You closely miss the orc. You hit the orc priest.
You block the orc priest's attack. The orc hits you but does no damage.
The orc priest closely misses you.
You slash the orc!
You kill the orc!
You slash the orc priest! You block the orc priest's attack.
The orc priest barely misses you.
Your shield prevents you from hitting the orc priest.
The orc priest is almost dead.
The orc priest looks braver for a moment.
The orc priest mumbles some strange prayers to Beogh against you.
Beogh smites you!
You closely miss the orc priest.
The orc priest is almost dead.
The orc priest hits you but does no damage.
You hit the orc priest but do no damage.
The orc priest is almost dead.
The orc priest hits you with a +0 war axe.
* * * LOW HITPOINT WARNING * * *
The orc priest hits you with a +0 war axe.
* * * LOW HITPOINT WARNING * * *
Your shield prevents you from hitting the orc priest.
The orc priest is almost dead.
You block the orc priest's attack.
The orc priest hits you with a +0 war axe.
You die...

#......<..........###
#.#.......÷.##...###.
.#............####..
#...........### #...
............## ....
.#####...........
....
...........>...###
.... ##o<........
.... ##@######### #.#
#.# #.# #.# #.# ...
... ...


You could see an orc priest.

Vanquished Creatures
  An adder (D:2)
  2 orcs (D:3)
  7 bats
  4 endoplasms
  2 giant cockroaches
  6 goblins
  4 hobgoblins
  4 quokkas
  6 ball pythons
  2 frilled lizards
  6 rats
44 creatures vanquished.

Notes
Turn   | Place    | Note
-------+----------+-------------------------------------------
     0 | D:1      | voltaire321 the Demonspawn Gladiator began the quest for
                  | the Orb.
     0 | D:1      | Reached XP level 1. HP: 16/16 MP: 1/1
   214 | D:1      | Gained mutation: Your demonic aura sometimes causes spilled
                  | blood to erupt in flames. [demonic ancestry]
   214 | D:1      | Reached XP level 2. HP: 22/22 MP: 2/2
   233 | D:1      | Found a faded altar of an unknown god.
  1069 | D:2      | Reached XP level 3. HP: 21/28 MP: 3/3
  1409 | D:2      | Reached skill level 1 in Armour
  1409 | D:2      | Reached skill level 1 in Shields
  2290 | D:3      | Slain by an orc priest

Illustrated notes

Levels and vault maps discovered:
D:1:      mushboom_english_gardens, layout_basic,
          hellmonk_ecumenical_altar_run_dry, grunt_decor_cap,
          minmay_pentomino_x4
D:2:      layout_loops_ring
D:3:      kennysheep_big_flooded_room, layout_rooms, lemuel_doored_altar,
          lemuel_tele_altar, st_stairs_10, minmay_crystal_room

Skill      XL: |  1  2  3 |
---------------+----------+-----
Dodging        | 3 |  3.1
Axes           | 3 |  3.0
Armour         | 1 |  1.2
Shields        | 1 |  1.1
Fighting       | |  2.6
Throwing       | |  1.7

Action                   || total
-------------------------++-------
Melee: War axe           ||   128
Armor: Leather armour    ||    59
       Ring mail         ||    15
Dodge: Dodged            ||    50
Block: Tower shield      ||   117

Table legend: (Time is in decaauts)
 A = Elapsed time spent in this place.
 B = Non-inter-level travel time spent in this place.
 C = Inter-level travel time spent in this place.
 D = Time resting spent in this place.
 E = Time spent auto-exploring this place.
 F = Levels seen in this place.
 G = Mean time per level.
                   A        B        C        D        E       F      G
               +--------+--------+--------+--------+--------+-----+--------+
         Total |   2397 |   2371 |     26 |    572 |   1244 |   3 |  799.0 |
       Dungeon |   2397 |   2371 |     26 |    572 |   1244 |   3 |  799.0 |
               +--------+--------+--------+--------+--------+-----+--------+

Top non-repeatable levels by time:
     D:2: 1192 daAuts
     D:1: 1111 daAuts
     D:3: 93 daAuts
